cohdb
Replays
Latest Replays
All Replays
Popular Replays
Top Player Replays
Match Explorer
How It Works
Community
CoH3 Stats
Reddit
Sign in to upload your games and track your stats! →
Sign in with Steam
Match 45520237
Unlisted
Match 45520237
Overview
Messages
Build Orders
End
Construct Section Command Post
Infantry Section
Infantry Section
Grenade Package
Infantry Section
Construct Field Infirmary
Selects Light Vehicle Withdraw and Refit
Vickers Machine Gun Team
Dingo Light Scout Car
Construct Platoon Command Post
Selects UNKNOWN (202330)
Unlock M3 Stuart Light Tanks
M3 Stuart Light Tank
CMP 15cwt Truck
Royal Engineer Section
Unlock Bishop Self-propelled Artillery
Bishop Self-propelled Artillery
CMP 15cwt Truck
Vickers Machine Gun Team
Selects Recon Artillery
6-pounder Anti-tank Gun Team
Selects Heavy Armor Battlegroup
Selects Canadian Shock Battlegroup
CPU - Hard
DangerouslyDumb
CPU - Hard
Monsieur Nathan
0
0
Comments
sign in to comment!
No comments posted yet!